cohdb
Replays
Latest Replays
All Replays
Popular Replays
Top Player Replays
Match Explorer
How It Works
Community
CoH3 Stats
Reddit
Sign in to upload your games and track your stats! →
Sign in with Steam
Match 43288979
Unlisted
Match 43288979
Overview
Messages
Build Orders
End
Construct Infanterie Kompanie
Pioneer Squad
GrW 34 Mortar Team
Grenadier Squad
Grenadier Squad
Construct Luftwaffe Kompanie
Medical Station
Jäger Squad
Construct Panzer Kompanie
Panzer Officer Quarters
Stoßtruppen Squad
Panzer IV Medium Tank
Pioneer Squad
Panzer IV Medium Tank
Panzer IV Medium Tank
Medical Bunker
Forward Retreat Point
zqian
grapejuice
XX_76_XX
Tok3n x Operator
chasedirig
TechT0nic
0
0
Comments
sign in to comment!
No comments posted yet!